 Dungeon Crawl Stone Soup version 0.19.3-4-gbf9329e (webtiles) character file.

1541 Naow the Infuser (level 8, 0/41 HPs)
             Began as a Deep Elf Conjurer on Jan 26, 2017.
             Was an Initiate of Vehumet.
             Shot with an arrow by a centaur (2 damage)
             ... on level 6 of the Dungeon.
             The game lasted 00:12:29 (6346 turns).

Naow the Infuser (Deep Elf Conjurer)                Turns: 6346, Time: 00:12:29

Health: 0/41       AC:  3    Str:  5    XL:     8   Next: 56%
Magic:  7/20       EV: 15    Int: 23    God:    Vehumet [......]
Gold:   263        SH:  0    Dex: 15    Spells: 4 memorised, 9 levels left

rFire  . . .     SeeInvis .     l - +2 dagger (venom)
rCold  . . .     Gourm    .     a - +0 robe
rNeg   . . .     Faith    .     (no shield)
rPois  +         Spirit   .     (no helmet)
rElec  .         Reflect  .     (no cloak)
rCorr  .         Harm     .     (no gloves)
MR     .....                    j - +0 pair of boots
Stlth  ++........               s - amulet of regeneration
                                (no ring)
                                u - ring of poison resistance

@: very slightly contaminated
A: no striking features
a: Renounce Religion


You were on level 6 of the Dungeon.
You worshipped Vehumet.
Vehumet was noncommittal.
You were hungry.

You visited 2 branches of the dungeon, and saw 7 of its levels.

You collected 263 gold pieces.

Inventory:

Hand Weapons
 l - a +2 dagger of venom (weapon)
 o - a +1 dagger of protection
Armour
 a - a +0 robe (worn)
 j - a +0 pair of boots (worn)
Jewellery
 s - an amulet of regeneration (around neck)
 u - a ring of poison resistance (left hand)
 y - a cursed -2 ring of dexterity {unknown}
Wands
 e - a wand of confusion (15/48)
 x - a wand of slowing (26/48)
 A - a wand of random effects (18/48)
Scrolls
 d - a scroll of teleportation
 k - 2 scrolls of blinking
 m - 3 scrolls of identify {unknown}
 n - a scroll of enchant weapon {unknown}
 B - a scroll of amnesia
Potions
 f - a potion of degeneration {unknown}
 h - a potion of brilliance {unknown}
 i - a potion of cure mutation {unknown}
 q - a potion of flight {unknown}
 t - 2 potions of curing {unknown}
 w - a potion of cancellation {unknown}
 z - a potion of invisibility {unknown}
Books
 b - a book of Conjurations

   Spells                             Type                      Level
   a - Magic Dart                     Conjuration                  1
   b - Searing Ray                    Conjuration                  2
   c - Dazzling Spray                 Conjuration/Hexes            3
   d - Fulminant Prism                Conjuration/Hexes            4
   e - Iskenderun's Mystic Blast      Conjuration                  4
   f - Iskenderun's Battlesphere      Conjuration/Charms           5
Comestibles
 c - 4 bread rations
 g - 2 meat rations
 p - 2 beef jerkies
 r - a fruit


   Skills:
 + Level 5.4 Dodging
 - Level 2.4 Stealth
 + Level 7.0 Spellcasting
 + Level 8.0 Conjurations
 * Level 8.7 Charms


You had 9 spell levels left.
You knew the following spells:

 Your Spells              Type           Power        Failure   Level  Hunger
a - Magic Dart            Conj           ####         1%          1    None
b - Searing Ray           Conj           #####.       1%          2    None
c - Iskenderun's Battles  Conj/Chrm      #####...     10%         5    #####..
d - Iskenderun's Mystic   Conj           #####...     3%          4    ###....


Dungeon Overview and Level Annotations

Branches:
Dungeon (6/15)             Temple (1/1) D:4

Altars:
Ashenzari
Cheibriados
Dithmenos
Elyvilon
Fedhas
Gozag
Hepliaklqana
Kikubaaqudgha
Nemelex Xobeh
Okawaru
Qazlal
Ru
Sif Muna
Trog
Uskayaw
Vehumet
Xom
Yredelemnul
Zin
The Shining One


Message History

Press: ? - help, Shift-Dir - straight line, f - orc wizard
Aim: an orc wizard, wielding a dagger and wearing a robe The searing ray hits the orc wizard.
The orc wizard is severely wounded. (Press . to maintain the ray.)
The orc wizard casts a spell at you. The magic dart hits you!
The searing ray hits the orc wizard.
You kill the orc wizard!
Vehumet accepts your kill.
Your Conjurations skill increases to level 8!
The centaur shoots an arrow.
The arrow hits you!
Casting: Searing Ray
Confirm with . or Enter, or press ? or * to list all spells.
You conjure a globe of magical energy.
The centaur shoots an arrow.
The arrow barely misses you. The arrow hits your battlesphere.
The centaur shoots an arrow.
The arrow hits you!
* * * LOW HITPOINT WARNING * * *
The centaur shoots an arrow.
The arrow hits you.
You die...

#############
#....*@...)c#
#
#.#########.#
#####.# #.#
#.##.......
#<#
#......<...
#.#
###o..##.#
#.# #.#.# #.#
).# .. #.#
o.## $.# #.#
... ##


You could see a centaur and a friendly battlesphere.

Vanquished Creatures
  Grinder (D:4)
  Sigmund (D:3)
  Menkaure (D:4)
  An ice beast (D:5)
  A sky beast (D:5)
  2 centaurs (D:5)
  A bullfrog (D:6)
  2 crimson imps
  2 orc wizards
  2 bullfrog skeletons
  Natasha (twice) (D:4)
  3 iguanas (D:5)
  3 worker ants
  7 gnolls
  7 adders
  3 oozes
  An adder skeleton (D:4)
  3 worms
  7 dart slugs
  4 leopard geckos
  4 orcs (D:6)
  3 ball pythons (D:2)
  8 bats
  A giant cockroach (D:3)
  14 goblins
  9 hobgoblins
  11 jackals
  8 kobolds
  A quokka (D:5)
  6 frilled lizards
  A jackal zombie (D:5)
  A quokka skeleton (D:5)
  6 rats
127 creatures vanquished.

Notes
Turn   | Place    | Note
-------+----------+-------------------------------------------
     0 | D:1      | Naow the Deep Elf Conjurer began the quest for the Orb.
     0 | D:1      | Reached XP level 1. HP: 10/10 MP: 6/6
   224 | D:1      | Reached XP level 2. HP: 15/15 MP: 1/8
   229 | D:1      | Learned a level 2 spell: Searing Ray
   641 | D:1      | Reached skill level 5 in Conjurations
   910 | D:1      | Reached XP level 3. HP: 19/19 MP: 7/10
  1635 | D:2      | Found a sacrificial altar of Ru.
  1675 | D:2      | Reached XP level 4. HP: 24/24 MP: 8/12
  2323 | D:2      | Reached XP level 5. HP: 28/28 MP: 11/13
  2330 | D:2      | Learned a level 5 spell: Iskenderun's Battlesphere
  2335 | D:2      | Learned a level 4 spell: Iskenderun's Mystic Blast
  2514 | D:3      | Found a deep blue altar of Sif Muna.
  2517 | D:3      | Found a snail-covered altar of Cheibriados.
  2520 | D:3      | Found an ancient bone altar of Kikubaaqudgha.
  3094 | D:3      | Noticed Sigmund
  3099 | D:3      | Killed Sigmund
  3099 | D:3      | Reached XP level 6. HP: 21/32 MP: 8/15
  3224 | D:3      | Reached skill level 5 in Spellcasting
  3992 | D:4      | Noticed Grinder
  4009 | D:4      | Killed Grinder
  4009 | D:4      | Reached skill level 5 in Charms
  4009 | D:4      | Reached XP level 7. HP: 24/36 MP: 4/17
  4258 | D:4      | Noticed Menkaure
  4266 | D:4      | Killed Menkaure
  4327 | D:4      | Noticed Natasha
  4330 | D:4      | Killed Natasha
  4381 | D:4      | Found a staircase to the Ecumenical Temple.
  4391 | Temple   | Entered the Ecumenical Temple
  4420 | Temple   | Became a worshipper of Vehumet
  4722 | D:4      | Noticed Natasha
  4728 | D:4      | Killed Natasha
  5233 | D:5      | Entered Level 5 of the Dungeon
  5539 | D:5      | Reached XP level 8. HP: 31/41 MP: 11/19
  5648 | D:5      | Found a stormy altar of Qazlal.
  5648 | D:5      | Found a shimmering altar of Xom.
  6005 | D:5      | Found an opulent altar of Gozag.
  6010 | D:5      | Reached skill level 5 in Dodging
  6346 | D:6      | HP: 2/41 [centaur/arrow (12)]
  6346 | D:6      | Shot with an arrow by a centaur

Skill      XL: |  1  2  3  4  5  6  7  8 |
---------------+-------------------------+-----
Conjurations   | 5 6 7 8 |  8.0
Spellcasting   | 4 5 6 7 |  7.0
Dodging        | 3 4 5 |  5.4
Charms         | 3 5 7 8 |  8.7
Stealth        | |  2.4

Action                   |  1- 3 |  4- 6 |  7- 9 || total
-------------------------+-------+-------+-------++-------
Melee: Dagger            |       |     2 |       ||     2
 Cast: Magic Dart        |    76 |   104 |    79 ||   259
       Searing Ray       |     1 |     3 |    20 ||    24
       Iskenderun's Batt |       |       |     2 ||     2
       Iskenderun's Myst |       |       |     1 ||     1
  Use: Scroll            |     4 |       |     5 ||     9
  Eat: Chunk             |     2 |     7 |     7 ||    16
Armor: Robe              |     1 |     5 |       ||     6
Dodge: Dodged            |     4 |    12 |    19 ||    35
